 Dungeon Crawl Stone Soup version 0.25.1-2-g60ff931df9 (webtiles) character file.

Game seed: 8217377549812468373

6 Martska the Ruffian (level 1, -1/18 HPs)
             Began as a Naga Transmuter on Oct 14, 2020.
             Slain by a jackal (2 damage)
             ... on level 1 of the Dungeon.
             The game lasted 00:01:02 (364 turns).

Martska the Ruffian (Naga Transmuter)                Turns: 364, Time: 00:01:03

Health: -1/18      AC:  1    Str: 12    XL:     1   Next: 90%
Magic:  1/1        EV: 10    Int: 13    God:
Gold:   8          SH:  0    Dex: 11    Spells: 3/4 levels left

rFire    . . .     SeeInvis +   i - +1 dagger (antimagic)
rCold    . . .     Gourm    .   (no shield)
rNeg     . . .     Faith    .   b - +0 robe
rPois    +         Spirit   .   (no helmet)
rElec    .         Reflect  .   (no cloak)
rCorr    .         Harm     .   (no gloves)
MR       .....                  (no barding)
Stlth    +.........             (no amulet)
HPRegen  0.06/turn              (no ring)
MPRegen  0.07/turn              (no ring)

@: short of breath, very slow
A: large, see invisible, deformed body, poison resistance, slowness 2, slow
metabolism 1, spit poison 1, AC +0
a: Spit Poison


You were on level 1 of the Dungeon.
You were not hungry.

You visited 1 branch of the dungeon, and saw 1 of its levels.

You collected 8 gold pieces.

Inventory:

Hand Weapons
 c - a +0 dagger
 i - a +1 antimagic dagger (weapon)
Missiles
 a - 31 arrows
Armour
 b - a +0 robe (worn)
Scrolls
 g - a scroll of identify {unknown}
Potions
 e - a potion of berserk rage {unknown}
 f - 2 potions of heal wounds {unknown}
 h - 2 potions of curing {unknown}
Comestibles
 d - 2 rations


   Skills:
 - Level 1.0 Fighting
 - Level 1.5 Dodging
 - Level 3.0 Unarmed Combat
 - Level 2.0 Spellcasting
 * Level 2.6 Transmutations


You had 3 spell levels left.
You knew the following spells:

 Your Spells              Type           Power        Failure   Level  Hunger
a - Beastly Appendage     Tmut           #.....       9%          1    ##.....

Your spell library contained the following spells:

 Spells                   Type           Power        Failure   Level  Hunger
 Sticks to Snakes         Tmut           #.......     13%         2    ###....
 Spider Form              Tmut/Pois      #.........   41%         3    ####...
 Ice Form                 Ice/Tmut       #.......     83%         4    #####..
 Blade Hands              Tmut           #.........   94%         5    ######.


Dungeon Overview and Level Annotations

Branches:
Dungeon (1/15)

Altars:


Innate Abilities, Weirdness & Mutations

You cannot wear boots.
Your serpentine skin is tough. (AC +0)
You have supernaturally acute eyesight. (SInv)
Armour fits poorly on your strangely shaped body.
Your system is resistant to poisons. (rPois)
You cover ground very slowly.
You have a slow metabolism.
You can spit poison.


Message History

You can't do that yet.
Unknown command.
You closely miss the jackal. The jackal closely misses you.
You barely miss the jackal.
You have got your breath back.
The jackal bites you.
* * * LOW HITPOINT WARNING * * *
Press: ? - help, Shift-Dir - straight line, f/p - jackal
Aim: a jackal The splash of poison hits the jackal.
The jackal is moderately wounded.
You feel slightly more hungry. The jackal bites you.
* * * LOW HITPOINT WARNING * * *
A jackal comes into view.
The jackal closely misses you.
The jackal moves out of view.
You barely miss the jackal.
The jackal is moderately wounded.
A jackal comes into view.
The jackal bites you.
You die...

#....###.#####.######.##...#
.####.................####...##
.......†##.##..########........
#..####....##.## #..÷....(
##....#.# #..#####.
#....##...## #..#;≈≈#.
#.##.##h.hh# #..#≈≈≈#. #.
#....##h# #).#≈≈≈#. ..
#..#####@# #..#≈≈≈#. #
....#####.##### #..#≈≈≈#.
..#...........# #..#≈≈≈#.
..#######.###....#..#≈≈≈#. ....
..#..#####. ###.. #........
..## #...⌠.⌠.. ..h #.8.....8
.... #........


You could see 4 jackals.

Vanquished Creatures
  A bat (D:1)
  A hobgoblin (D:1)
  A jackal (D:1)
  A kobold (D:1)
  A rat (D:1)
5 creatures vanquished.

Notes
Turn   | Place    | Note
-------+----------+-------------------------------------------
     0 | D:1      | Martska the Naga Transmuter began the quest for the Orb.
     0 | D:1      | Reached XP level 1. HP: 18/18 MP: 3/3
     1 | D:1      | Noticed an electric eel
   364 | D:1      | Slain by a jackal

Illustrated notes

Levels and vault maps discovered:
D:1:      arrival_aquarium_a, layout_rooms, feat_on_display

Action                   || total
-------------------------++-------
Melee: Dagger            ||    25
 Abil: Spit Poison       ||     7
Armor: Robe              ||    11
Dodge: Dodged            ||    31
